 Dungeon Crawl Stone Soup version 0.23.0 (webtiles) character file.

Game seed: 10856131057306504175

6 varaam the Stinger (level 1, -5/15 HPs)
             Began as a Naga Venom Mage on Feb 18, 2019.
             Slain by Terence
             ... wielding a cursed -2 hand axe
              (8 damage)
             ... on level 2 of the Dungeon.
             The game lasted 00:02:38 (467 turns).

varaam the Stinger (Naga Venom Mage)                 Turns: 467, Time: 00:02:38

Health: -5/15      AC:  1    Str: 10    XL:     1   Next: 90%
Magic:  1/3        EV: 10    Int: 15    God:
Gold:   26         SH:  0    Dex: 11    Spells: 3/4 levels left

rFire    . . .     SeeInvis +   (no weapon)
rCold    . . .     Gourm    .   (no shield)
rNeg     . . .     Faith    .   a - +0 robe
rPois    +         Spirit   .   (no helmet)
rElec    .         Reflect  .   (no cloak)
rCorr    .         Harm     .   (no gloves)
MR       .....                  (no barding)
Stlth    ++........             (no amulet)
HPRegen  0.05/turn              (no ring)
MPRegen  0.08/turn              (no ring)

@: very slow
A: large, see invisible, deformed body, poison resistance, slowness 2, slow
metabolism 1, spit poison 1, AC +0
a: Spit Poison


You were on level 2 of the Dungeon.
You were not hungry.

You visited 1 branch of the dungeon, and saw 2 of its levels.

You collected 26 gold pieces.

Inventory:

Hand Weapons
 b - a +0 hunting sling
Armour
 a - a +0 robe (worn)
Comestibles
 c - a ration


   Skills:
 - Level 1.5 Dodging
 - Level 3.0 Stealth
 + Level 2.1 Spellcasting
 * Level 1.3 Conjurations
 * Level 4.2 Poison Magic


You had 3 spell levels left.
You knew the following spells:

 Your Spells              Type           Power        Failure   Level  Hunger
a - Sting                 Conj/Pois      ##..         7%          1    #......

Your spell library contained the following spells:

 Spells                   Type           Power        Failure   Level  Hunger
 Poisonous Vapours        Pois/Air       #.....       14%         2    ###....
 Mephitic Cloud           Conj/Pois/Air  #.......     30%         3    ###....
 Olgreb's Toxic Radiance  Pois           ##......     36%         4    #####..
 Venom Bolt               Conj/Pois      ##........   88%         5    ######.


Dungeon Overview and Level Annotations

Branches:
Dungeon (2/15)

Altars:

Annotations:
D:2 Terence


Innate Abilities, Weirdness & Mutations

You cannot wear boots.
Your serpentine skin is tough. (AC +0)
You have supernaturally acute eyesight. (SInv)
Armour fits poorly on your strangely shaped body.
Your system is resistant to poisons. (rPois)
You cover ground very slowly.
You have a slow metabolism.
You can spit poison.


Message History

g - Guard the area. f - Follow me.
Anything else - Cancel.
Retreat in which direction?
Okay, then.
Unknown command.
The helpless giant cockroach fails to defend itself.
You hit the giant cockroach.
The giant cockroach bites you but does no damage.
Terence closely misses you. The giant cockroach barely misses you.
You barely miss the giant cockroach. Terence hits you but does no damage.
The giant cockroach barely misses you.
You closely miss the giant cockroach. Terence closely misses you.
The giant cockroach barely misses you.
You closely miss the giant cockroach. The giant cockroach closely misses you.
Terence closely misses you.
You hit the giant cockroach but do no damage.
The giant cockroach closely misses you.
Terence hits you with a cursed -2 hand axe!
Ouch! That really hurt!
You die...

##### #...... ##.......
#........ #........ #
#........
....############........
#.....s@@gg[............
....############........
# #######........
..<.g..........
.######........
#........ #........
#....<... ##<..%...


You could see Terence, a giant cockroach and 2 goblins.

Levels and vault maps discovered:
D:1:      minmay_arrival_glassed_features, layout_rooms
D:2:      layout_rooms, minmay_ruptured, uniq_terence

Notes
Turn   | Place    | Note
-------+----------+-------------------------------------------
     0 | D:1      | varaam the Naga Venom Mage began the quest for the Orb.
     0 | D:1      | Reached XP level 1. HP: 15/15 MP: 3/3
    54 | D:1      | HP: 3/15 [giant cockroach (2)]
   391 | D:1      | Identified a +0 club
   398 | D:1      | Identified a +0 club
   436 | D:2      | Identified a cursed -2 hand axe
   436 | D:2      | Identified a +0 scale mail
   436 | D:2      | Noticed Terence
   460 | D:2      | HP: 3/15 [Terence/cursed -2 hand axe (2)]
   467 | D:2      | Slain by Terence

Table legend:
 A = Turns spent in this place as a percentage of turns spent in the entire game.
 B = Non-inter-level travel turns spent in this place as a percentage of non-inter-level travel turns spent in the entire game.
 C = Inter-level travel turns spent in this place as a percentage of turns spent in this place.
 D = Turns resting spent in this place as a percentage of non-inter-level travel turns spent in this place.
 E = Turns spent auto-exploring this place as a percentage of non-inter-level travel turns spent in this place.
 F = Non-inter-level travel turns spent in this place divided by the number of levels of this place that you've seen.
                   A       B       C       D       E      F
               +-------+-------+-------+-------+-------+----------------------
         Total | 100.0 | 100.0 |   0.0 |  61.7 |  13.9 | 233.5
       Dungeon | 100.0 | 100.0 |   0.0 |  61.7 |  13.9 | 233.5
               +-------+-------+-------+-------+-------+----------------------

Table legend:
 A = Kills in this place as a percentage of kills in entire the game.
 B = Kills by you in this place as a percentage of kills by you in the entire game.
 C = Kills by friends in this place as a percentage of kills by friends in the entire game.
 D = Other kills in this place as a percentage of other kills in the entire game.
 E = Experience gained in this place as a percentage of experience gained in the entire game.
 F = Experience gained in this place divided by the number of levels of this place that you have seen.
                   A       B       C       D       E      F
               +-------+-------+-------+-------+-------+----------------------
         Total | 100.0 | 100.0 |   N/A |   N/A | 100.0 |   4.5
       Dungeon | 100.0 | 100.0 |   N/A |   N/A | 100.0 |   4.5
               +-------+-------+-------+-------+-------+----------------------

Action                   || total
-------------------------++-------
Melee: Unarmed           ||    10
 Cast: Sting             ||    15
 Stab: Sleeping          ||     1
Armor: Robe              ||     4
Dodge: Dodged            ||    19

Vanquished Creatures
  2 giant cockroaches
  A hobgoblin (D:1)
  A bat (D:1)
  A frilled lizard (D:1)
  A rat (D:2)
6 creatures vanquished.
